 Dungeon Crawl Stone Soup version 0.31.0-4-g52a2dc7128 (webtiles) character file.

Game seed: 11146869278244826467

15398 BigPumpCobain the Grappler (level 12, -6/106 HPs)
             Began as a Red Draconian Shapeshifter on Jan 21, 2024.
             Was an Initiate of Gozag.
             Mangled by Erolcha
             ... wielding a +0 giant spiked club
              (20 damage)
             ... on level 11 of the Dungeon.
             The game lasted 00:25:05 (12188 turns).

BigPumpCobain the Grappler (DrSh)                  Turns: 12188, Time: 00:25:06

Health: -6/106     AC: 12    Str: 22    XL:     12   Next: 0%
Magic:  0/12       EV: 16    Int: 16    God:    Gozag
Gold:   2057       SH:  0    Dex: 11    Spells: 11/11 levels left

rFire   + +          .
                       - Unarmed
rCold   + . .        x - melded +2 buckler
rNeg    . . .        (body armour unavailable)
rPois   +            (helmet restricted)
rElec   +            u - +2 cloak
rCorr   +            (no gloves)
SInv    .            K - +0 pair of boots {Fly}
Will    .....        v - amulet of guardian spirit
Stlth   +            o - ring of flight
HPRegen 0.37/turn    N - +6 ring of intelligence
MPRegen 0.13/turn

%: guardian spirit
@: short of breath, flux-form, resistant, gold aura, flying, glowing
A: glow, contaminating, breathe fire, AC +8, unfitting armour, fire resistance
1, cold-blooded
a: Breathe Fire, Begin Untransformation, Renounce Religion, Potion Petition,
Call Merchant, Bribe Branch


You were on level 11 of the Dungeon.
You worshipped Gozag.
Gozag was most pleased with you.
You were something dangerously unstable.
You visited 2 branches of the dungeon, and saw 12 of its levels.
You also visited: Sewer and Bailey.

You collected 2139 gold pieces.
You paid 82 gold pieces to Gozag.

Inventory:

Missiles
 t - 3 throwing nets
 B - 20 poisoned darts
 E - 3 silver javelins
 H - 8 javelins
 M - 6 boomerangs (quivered)
Armour
 p - a +0 kite shield
 u - a +2 cloak (worn)
 x - a +2 buckler (melded)
 K - a +0 pair of boots of flying (worn)
Jewellery
 i - an amulet of reflection
 m - a ring of magical power
 o - a ring of flight (left hand)
 v - an amulet of guardian spirit (around neck)
 N - a +6 ring of intelligence (right hand)
Talismans
 b - a beast talisman
 c - a flux talisman (active)
 w - a maw talisman
 I - a blade talisman
Wands
 s - a wand of flame (17)
 F - a wand of mindburst (2)
 L - a wand of polymorph (11)
 P - a wand of iceblast (5)
 Q - a wand of light (4)
Scrolls
 f - 4 scrolls of poison
 g - 8 scrolls of fear
 j - 3 scrolls of vulnerability
 k - 5 scrolls of noise
 q - 4 scrolls of amnesia
 r - 2 scrolls of teleportation
 y - a scroll of revelation
 O - a scroll of immolation
Potions
 a - 2 potions of haste
 e - 3 potions of resistance
 h - a potion of mutation {unknown}
 l - 3 potions of degeneration
 n - 2 potions of curing {unknown}
 A - 2 potions of might {unknown}
 C - 2 potions of berserk rage {unknown}
 D - a potion of attraction {unknown}
 G - a potion of brilliance {unknown}
 J - 4 potions of enlightenment


   Skills:
 + Level 9.8 Fighting
 - Level 2.1 Dodging
 + Level 8.7 Shields
 * Level 12.8 Unarmed Combat
 + Level 8.7 Shapeshifting


You had 11 spell levels left.
You didn't know any spells.
Your spell library contained the following spells:

 Spells                   Type           Power      Damage    Failure   Level
 Apportation              Tloc           0%         N/A       26%         1
 Slow                     Hex            0%         N/A       26%         1
 Cigotuvi's Dreadful Rot  Necr/Alch/Air  0%         N/A       36%         2
 Ensorcelled Hibernation  Hex/Ice        0%         N/A       36%         2
 Jinxbite                 Hex            0%         N/A       36%         2
 Confusing Touch          Hex            0%         N/A       58%         3
 Passwall                 Erth           0%         N/A       58%         3
 Sigil of Binding         Hex            0%         N/A       58%         3
 Swiftness                Air            0%         N/A       58%         3
 Vampiric Draining        Necr           0%         2d6       58%         3
 Dispel Undead            Necr           0%         3d6       94%         4
 Martyr's Knell           Necr/Summ      0%         N/A       94%         4
 Summon Lightning Spire   Summ/Air       0%         N/A       94%         4
 Alistair's Intoxication  Alch           0%         N/A       100%        5
 Lee's Rapid Deconstruct  Erth           0%         3d4*      100%        5
 Death Channel            Necr           0%         N/A       100%        6
 Animate Armour           Summ/Erth      Unusable   N/A       N/A         4

Dungeon Overview and Level Annotations

Branches:
Dungeon (10/15)            Temple (1/1) D:6            Lair (0/5) D:10
    Orc (0/2) D:10          Sewer (visited)          Bailey (visited)

Altars:
Ashenzari
Cheibriados
Dithmenos
Elyvilon
Fedhas
Gozag
Hepliaklqana
Kikubaaqudgha
Makhleb
Nemelex Xobeh
Okawaru
Qazlal
Ru
Sif Muna
Trog
Uskayaw
Vehumet
Wu Jian
Xom
Yredelemnul
Zin
The Shining One

Shops:
D:1 (   D:3 :   D:6 *

Annotations:
D:5 2 transporters, cowcol's ghost, novice MiFi
D:9 4 runed translucent doors
D:11 Erolcha


Innate Abilities, Weirdness & Mutations

You are something dangerously unstable.
You glow with magical radiation, making you easy to see and hit.
Foes you strike become dangerously contaminated with magical radiation.
You are incapable of wielding weapons or throwing items.
You can breathe blasts of fire.
Your fiery red scales are hard. (AC +8)
You cannot fit into any form of body armour.
Your flesh is heat resistant. (rF+)
You are cold-blooded and may be slowed by cold attacks.


Message History

You hit the yak.
The yak begins to glow.
You tail-slap the yak.
The yak is lightly wounded.
The yak misses you.
You punch the yak!
The yak glows dangerously bright.
The yak is moderately wounded.
The yak barely misses you.
You punch the yak!
The yak shudders as magic cascades through it!!
You kill the yak!
The yak barely misses you.
You see here 13 gold pieces.
You hit the yak.
The yak begins to glow.
The yak is lightly wounded.
You punch the yak!
The yak glows dangerously bright.
The yak is moderately wounded.
The yak closely misses you.
You punch the yak!
The yak shudders as magic cascades through it!
The yak twists and deforms.
You tail-slap the yak.
The yak is almost dead.
The yak misses you.
You hit the yak.
The yak begins to glow.
Your tail-slap misses the yak.
The yak is almost dead.
The yak gores you.
* * * LOW HITPOINT WARNING * * *
You punch the yak!
You kill the yak!
You have reached level 12!
You feel stronger.
Your scales feel tougher.
Aiming: Breathe Fire (2% risk of failure)
Press: ? - help, Shift-Dir - straight line, f - Erolcha
Aim: Erolcha, wielding a +0 giant spiked club and wearing a +0 robe (83% to hit)
You breathe a blast of fire.
The fiery breath hits Erolcha!!
Erolcha is heavily wounded.
Erolcha is engulfed in blazing flames.
Erolcha casts a spell.
Erolcha blinks!
Erolcha hits you with a +0 giant spiked club!!
You die...
Your body crumbles into a pile of gold.

######## .......######
............########## ####
######.###...$.Op$$..#
#...## #.#
#..########ยง###.....#
##.###..#####.....#YY.....
#...##............YYD.....
###...#...###.......$YY{....
#.[.....#.....#.##..##YY...#
#.........#####.##..# #...##
#........## #..l..# ....#
###...#..# ....!# ....


You could see Erolcha.

Vanquished Creatures
  3 death yaks (D:9)
  An orc knight (Bailey)
  An unseen horror (D:9)
  A komodo dragon (D:11)
  Psyche (D:8)
  2 trolls
  A hornet (D:9)
  Grinder (D:3)
  Sigmund (D:3)
  29 yaks
  5 wyverns
  Grum (D:8)
  2 steam dragons
  An acid dragon (D:11)
  2 water moccasins
  Duvessa (D:7)
  A black bear (D:5)
  11 orc warriors
  2 ice beasts
  4 sky beasts
  3 ogres
  A centaur (D:8)
  2 wolves (D:8)
  A phantom (D:4)
  3 kobold brigands
  3 necrophages (D:5)
  A bullfrog (D:6)
  A brain worm (Sewer)
  2 gnoll sergeants
  A scorpion (D:4)
  A water moccasin zombie (D:5)
  Dowan (D:7)
  15 wights
  6 killer bees (D:9)
  12 howler monkeys
  A human zombie (D:5)
  A jelly (D:6)
  2 bombardier beetles
  3 bullfrog zombies (D:5)
  4 orc priests
  Crazy Yiuf (D:4)
  A gnoll bouda (D:10)
  5 hounds
  A sleepcap (D:8)
  4 iguanas
  A scorpion zombie (D:5)
  5 orc wizards
  A killer bee zombie (D:5)
  A mummy (D:5)
  12 gnolls
  A river rat (D:5)
  7 adders
  2 shadow imps
  4 ufetubi
  A dart slug (D:1)
  55 orcs
  9 endoplasms
  7 giant cockroaches
  13 goblins
  8 hobgoblins
  3 quokkas
  9 ball pythons
  4 bats
  5 frilled lizards
  31 kobolds
  6 rats
332 creatures vanquished.

Notes
Turn   | Place    | Note
-------+----------+-------------------------------------------
     0 | D:1      | BigPumpCobain the Draconian Shapeshifter began the quest
                  | for the Orb.
     0 | D:1      | Reached XP level 1. HP: 16/16 MP: 1/1
    56 | D:1      | Found Fuagi's Antique Weapon Shoppe.
   206 | D:1      | Reached XP level 2. HP: 23/23 MP: 2/2
   465 | D:2      | Reached XP level 3. HP: 16/29 MP: 3/3
   915 | D:2      | Found a faded altar of an unknown god.
  1362 | D:3      | Noticed Grinder
  1364 | D:3      | Noticed Sigmund
  1387 | D:3      | Killed Grinder
  1388 | D:3      | Reached skill level 1 in Shields
  1388 | D:3      | Reached skill level 4 in Unarmed Combat
  1388 | D:3      | Reached XP level 4. HP: 38/38 MP: 4/4
  1388 | D:3      | Reached XP level 5. HP: 45/45 MP: 5/5
  1392 | D:3      | Killed Sigmund
  1393 | D:3      | Reached skill level 5 in Unarmed Combat
  1393 | D:3      | Reached XP level 6. HP: 49/51 MP: 6/6
  1824 | D:3      | Found Urraxu's Book Boutique.
  2253 | D:4      | Your scales start taking on a fiery red colour.
  2253 | D:4      | Reached XP level 7. HP: 32/58 MP: 7/7
  2253 | D:4      | Gained mutation: Your flesh is heat resistant. (rF+) [Red
                  | Draconian growth]
  2608 | D:4      | Reached skill level 6 in Unarmed Combat
  2691 | D:4      | Found a runed translucent door.
  2692 | D:4      | Noticed Crazy Yiuf
  3153 | D:4      | Killed Crazy Yiuf
  3261 | D:5      | Entered Level 5 of the Dungeon
  3412 | D:5      | Found a glowing drain.
  3456 | Sewer    | Entered a sewer
  3471 | Sewer    | Reached XP level 8. HP: 67/67 MP: 8/8
  3988 | D:5      | Found a transporter.
  4038 | D:5      | Reached skill level 5 in Shapeshifting
  4075 | D:5      | Noticed cowcol's ghost (novice MiFi)
  4106 | D:5      | Found a transporter.
  4216 | D:5      | Reached skill level 5 in Fighting
  4216 | D:5      | Reached skill level 7 in Unarmed Combat
  4350 | D:5      | Found a basalt altar of Yredelemnul.
  5054 | D:6      | Reached skill level 8 in Unarmed Combat
  5062 | D:6      | Reached XP level 9. HP: 53/75 MP: 9/9
  5523 | D:6      | Found Kir Ily's Neck Hole.
  5539 | D:6      | Identified the +1 hand axe of the Final Chapter {freeze,
                  | rElec rN+ Str+3 Int-5 Stlth+}
  5674 | D:6      | Reached skill level 5 in Shields
  5911 | D:6      | Found a staircase to the Ecumenical Temple.
  6024 | Temple   | Entered the Ecumenical Temple
  6057 | Temple   | Became a worshipper of Gozag Ym Sagoz the Greedy
  6720 | D:7      | Found a flagged portal.
  6748 | D:7      | Reached skill level 9 in Unarmed Combat
  6774 | Bailey   | Entered a bailey
  7039 | Bailey   | Noticed an orc knight
  7050 | Bailey   | Killed an orc knight
  7118 | Bailey   | Reached XP level 10. HP: 49/86 MP: 10/10
  7316 | Bailey   | Identified the +4 ring mail of the Skies Above {rPois
                  | Int+3}
  7592 | D:7      | Noticed Duvessa
  7595 | D:7      | Noticed Dowan
  7598 | D:7      | Killed Duvessa
  7608 | D:7      | Killed Dowan
  7712 | D:7      | Reached skill level 10 in Unarmed Combat
  8145 | D:8      | Found a blossoming altar of Fedhas.
  8385 | D:8      | Noticed Grum
  8391 | D:8      | Killed Grum
  8764 | D:8      | Noticed Psyche
  8767 | D:8      | Killed Psyche
  8857 | D:8      | Found an ancient bone altar of Kikubaaqudgha.
  9065 | D:8      | Reached skill level 11 in Unarmed Combat
  9307 | D:9      | Reached XP level 11. HP: 60/91 MP: 11/11
  9422 | D:9      | Found a runed translucent door.
  9435 | D:9      | Found a runed translucent door.
  9493 | D:9      | Found a runed translucent door.
  9522 | D:9      | Found a runed translucent door.
  9668 | D:9      | Found a hide-covered altar of Uskayaw.
 10082 | D:9      | Paralysed by a hornet for 3 turns
 10691 | D:10     | Entered Level 10 of the Dungeon
 10691 | D:10     | Noticed a death yak
 10711 | D:9      | Killed a death yak
 10876 | D:10     | Noticed a death yak
 10876 | D:10     | Noticed a death yak
 11084 | D:9      | Killed a death yak
 11085 | D:9      | Reached skill level 12 in Unarmed Combat
 11235 | D:9      | Killed a death yak
 11452 | D:10     | Found a staircase to the Lair.
 11809 | D:10     | Found an iron altar of Okawaru.
 11816 | D:10     | Found a radiant altar of Vehumet.
 11819 | D:10     | Found a glowing golden altar of the Shining One.
 11819 | D:10     | Found a snail-covered altar of Cheibriados.
 11827 | D:10     | Found a bloodstained altar of Trog.
 11983 | D:10     | Found a staircase to the Orcish Mines.
 12076 | D:10     | You are sucked into a shaft and drop 1 floor!
 12120 | D:11     | Noticed Erolcha
 12187 | D:11     | Reached XP level 12. HP: 13/106 MP: 1/12
 12188 | D:11     | Mangled by Erolcha

Illustrated notes

Levels and vault maps discovered:
D:1:      enne_arrival_octagon_isle, layout_rooms, serial_shops,
          nicolae_shop_trees
D:2:      layout_loops_cross, shapermc_ecumenical_altar_hornbeckon,
          hangedman_decor_push, nrook_campfire, minmay_close_crescents
D:3:      layout_loops_cross, serial_shops, shop, nrook_mini_backslash,
          uniq_sigmund, uniq_grinder
D:4:      nicolae_BIG_FREAKIN_CUBE, layout_cave_pools, uniq_crazy_yiuf_cottage
D:5:      layout_loops_cross, lemuel_mausoleum_altar_yredelemnul,
          gammafunk_ghost_hive, portal_sewer_entry_a
D:6:      layout_basic, temple_hall, nicolae_shop_sticking_my_neck_out
D:7:      layout_rooms, enter_bailey_5, uniq_duvessa
D:8:      layout_loops_ring, kennysheep_mini, fedhas_bush_and_centaur_altar,
          uniq_psyche, uniq_grum
D:9:      layout_basic, mainiacjoe_overflow_paths, minmay_statue_crystal_thing
D:10:     layout_long_grid, nicolae_overflow_hallway_of_the_gods,
          dpeg_lair_monsters, erik_orc_1, wad_floor_pattern_untrapped,
          roderic_batcave, billiards_dpeg
D:11:     layout_loops_ring, uniq_lodul, uniq_harold, uniq_erolcha
Temple:   nicolae_temple_figure_eight

Skill      XL: |  1  2  3  4  5  6  7  8  9 10 11 |
---------------+----------------------------------+-----
Dodging        | 2 |  2.1
Fighting       | 3 4 5 7 8 9 |  9.8
Shields        | 1 2 3 4 6 7 8 |  8.7
Unarmed Combat | 4 5 6 8 9 11 12 | 12.8
Shapeshifting  | 4 5 6 7 8 |  8.7

Action                     |  1- 3 |  4- 6 |  7- 9 | 10-12 || total
---------------------------+-------+-------+-------+-------++-------
  Melee: Unarmed           |    81 |    65 |   306 |   433 ||   885
         Tailslap          |    11 |     1 |    42 |    81 ||   135
         Punch             |     2 |     1 |     5 |       ||     8
  Throw: Javelin           |     2 |    22 |    85 |    29 ||   138
         Dart              |       |       |     4 |       ||     4
         Throwing net      |       |       |     3 |     2 ||     5
         Boomerang         |       |       |       |    24 ||    24
Ability: Breathe Fire      |       |       |    28 |    20 ||    48
    Use: Potion            |     1 |       |     1 |     8 ||    10
         Scroll            |       |       |       |    18 ||    18
   Stab: Sleeping          |       |     1 |       |       ||     1
         Distracted        |       |       |     1 |       ||     1
 Armour: Skin              |    44 |    37 |   174 |   337 ||   592
  Dodge: Dodged            |    49 |    28 |   119 |   288 ||   484
  Block: Buckler           |       |       |    53 |    48 ||   101
         Other             |       |       |       |     9 ||     9
   Form: Flux              |       |       |       |     1 ||     1
